 Dungeon Crawl Stone Soup version 0.29-a0-330-g52719c12eb (webtiles) character file.

Game seed: 6293352132810014288

2620 mopl the Nimble (level 9, -12/74 HPs)
             Began as a Gnoll Monk on Apr 16, 2022.
             Was an Elder of Dithmenos.
             Killed from afar by Maggie (27 damage)
             ... with a bolt of fire
             ... on level 7 of the Dungeon.
             The game lasted 00:11:48 (9052 turns).

mopl the Nimble (Gnoll Monk)                        Turns: 9052, Time: 00:11:49

Health: -12/74     AC: 10    Str: 17    XL:     9   Next: 60%
Magic:  15/15      EV:  8    Int: 15    God:    Dithmenos [****..]
Gold:   182        SH:  9    Dex: 15    Spells: 16/16 levels left

rFire   . . .      SeeInvis +   b - +2 spear (pain)
rCold   + + .      Faith    .   w - +0 kite shield
rNeg    . . .      Spirit   .   i - +0 chain mail
rPois   .          Reflect  .   (no helmet)
rElec   .          Harm     .   (no cloak)
rCorr   .          Rampage  .   N - +0 pair of gloves
Will    .....                   (no boots)
Stlth   ..........              (no amulet)
HPRegen 0.22/turn               h - ring of Vailaf {rC++ Str+4 Int+4 SInv}
MPRegen 0.14/turn               (no ring)

@: wreathed by umbra
A: fangs 1, strong nose, distributed training
a: Renounce Religion, Shadow Step


You were on level 7 of the Dungeon.
You worshipped Dithmenos.
Dithmenos was greatly pleased with you.
You visited 1 branch of the dungeon, and saw 7 of its levels.

You collected 347 gold pieces.
You spent 165 gold pieces at shops.

Inventory:

Hand Weapons
 a - a +1 spear of venom
 b - a +2 spear of pain (weapon)
 n - a +1 dagger of venom
 o - a +0 hunting sling
 p - a +0 great sword
 I - a +0 mace
Missiles
 d - 210 stones (quivered)
 j - 13 poisoned darts
 u - 5 boomerangs
Armour
 i - a +0 chain mail (worn)
 w - a +0 kite shield (worn)
 B - a +2 robe of cold resistance
 H - a +0 robe
 N - a +0 pair of gloves (worn)
Jewellery
 h - the ring of Vailaf (left hand) {rC++ Str+4 Int+4 SInv}
   (You found it on level 6 of the Dungeon)

   [ring of see invisible]

   Str:       It affects your strength (+4).
   Int:       It affects your intelligence (+4).
   rC:        It greatly protects you from cold.
   SInv:      It lets you see invisible.
 D - a ring of ice
Wands
 v - a wand of flame (17)
 K - a wand of polymorph (10)
Scrolls
 e - 4 scrolls of vulnerability
 f - a scroll of enchant armour {unknown}
 g - 2 scrolls of identify
 k - 2 scrolls of brand weapon {unknown}
 r - 2 scrolls of magic mapping {unknown}
 s - 4 scrolls of teleportation
 t - a scroll of enchant weapon {unknown}
 y - 3 scrolls of amnesia {unknown}
 C - a scroll of acquirement {unknown}
 E - a scroll of torment {unknown}
 F - 4 scrolls of fear {unknown}
 G - a scroll of silence {unknown}
 J - a scroll of noise {unknown}
 L - a scroll of fog {unknown}
Potions
 c - a potion of ambrosia
 l - 2 potions of brilliance
 m - 3 potions of lignification {!q}
 q - 4 potions of flight
 x - 2 potions of haste
 z - 2 potions of curing
 A - 2 potions of mutation {!q}
 M - a potion of might


   Skills:
 + Level 8.0 Fighting
 + Level 4.4 Short Blades
 + Level 4.4 Long Blades
 + Level 4.4 Axes
 + Level 8.0 Maces & Flails
 + Level 4.4 Polearms
 + Level 4.4 Staves
 + Level 4.4 Slings
 + Level 4.4 Bows
 + Level 4.4 Crossbows
 + Level 4.4 Throwing
 + Level 4.4 Armour
 + Level 8.0 Dodging
 + Level 6.1 Stealth
 + Level 4.4 Shields
 + Level 4.4 Unarmed Combat
 + Level 4.4 Spellcasting
 + Level 3.6 Conjurations
 + Level 3.6 Hexes
 + Level 3.6 Summonings
 + Level 3.6 Necromancy
 + Level 3.6 Translocations
 + Level 3.6 Transmutations
 + Level 3.6 Fire Magic
 + Level 3.6 Ice Magic
 + Level 3.6 Air Magic
 + Level 3.6 Earth Magic
 + Level 3.6 Poison Magic
 + Level 4.8 Invocations
 + Level 4.4 Evocations


You had 16 spell levels left.
You didn't know any spells.
Your spell library contained the following spells:

 Spells                   Type           Power      Damage    Failure   Level
 Slow                     Hex            56%        N/A       85%         1
 Ensorcelled Hibernation  Hex/Ice        28%        N/A       94%         2
 Passwall                 Tmut/Erth      11%        N/A       94%         2
 Confusing Touch          Hex            14%        N/A       99%         3
 Conjure Flame            Conj/Fire      14%        6-21      99%         3
 Ignite Poison            Fire/Tmut/Pois 14%        N/A       99%         3
 Swiftness                Air            14%        N/A       99%         3
 Vampiric Draining        Necr           14%        2d7       99%         3
 Leda's Liquefaction      Hex/Erth       7%         N/A       100%        4
 Sticky Flame             Conj/Fire      14%        2d4       100%        4
 Lee's Rapid Deconstruct  Erth           7%         3d7*      100%        5
 Statue Form              Tmut/Erth      9%         N/A       100%        6


Dungeon Overview and Level Annotations

Branches:
Dungeon (7/15)             Temple (0/1) D:4

Altars:
Dithmenos
Hepliaklqana

Shops:
D:1 ?   D:2 (   D:4 =

Annotations:
D:2 1 runed translucent door, Crazy Yiuf
D:7 Maggie


Innate Abilities, Weirdness & Mutations

You have very sharp teeth.
Your uncanny sense of smell can sniff out nearby items.
Your experience applies equally to all skills.


Message History

Maggie is heavily wounded.
Maggie hits you with a +1 long sword of flaming!
Maggie burns you.
You barely miss Maggie.
Maggie is heavily wounded.
You block Maggie's attack. Maggie completely misses you.
You hit Maggie.
Maggie writhes in agony.
Maggie is severely wounded.
Maggie hits you but does no damage.
You hit Maggie but do no damage.
Maggie writhes in agony.
You bite Maggie, but do no damage.
Maggie is severely wounded.
Maggie barely misses you.
You closely miss Maggie.
Maggie is severely wounded.
Your shadow hits Maggie but does no damage.
Maggie gestures at you while chanting. The bolt of fire misses you.
You hit Maggie.
Maggie writhes in agony.
Maggie is severely wounded.
Maggie hits you with a +1 long sword of flaming!
Maggie burns you.
You hit Maggie.
Maggie writhes in agony.
Maggie is severely wounded.
You block Maggie's attack.
You hit Maggie but do no damage.
Maggie writhes in agony.
Maggie is almost dead.
Maggie hits you but does no damage.
You hit Maggie but do no damage.
Maggie writhes in agony.
Maggie is almost dead.
Your shadow hits Maggie with a spear.
Maggie points at you and mumbles some strange words.
The bolt of fire hits you!!
* * * LOW HITPOINT WARNING * * *
You are too injured to fight recklessly!
You hit Maggie.
Maggie writhes in agony.
Maggie is almost dead.
Maggie gestures at you while chanting. The bolt of fire hits you!!
You die...

#..........
#...[......
#..........
#...........
#...........
#...........
#..@.......<
#..@........
#...........
#...........
#...........
#...........
#...........
#...........
#...........
#...........


You could see Maggie.

Vanquished Creatures
  Prince Ribbit (D:5)
  4 yaks
  4 black bears
  An ogre (D:6)
  4 phantoms
  Blork the orc (D:4)
  5 scorpions
  A howler monkey (D:6)
  An electric eel (D:6)
  2 jellies (D:6)
  2 hounds (D:5)
  An orc priest (D:3)
  A gnoll shaman (D:6)
  4 iguanas
  Natasha (thrice) (D:3)
  2 orc wizards
  13 gnolls
  3 adders
  A shadow imp (D:5)
  A white imp (D:6)
  An ufetubus (D:4)
  3 worms
  2 dart slugs (D:5)
  18 orcs
  11 endoplasms
  4 giant cockroaches
  5 goblins
  10 hobgoblins
  3 jackals (D:5)
  7 quokkas
  5 ball pythons
  3 bats
  A frilled lizard (D:1)
  8 kobolds
  A rat (D:2)
137 creatures vanquished.

Notes
Turn   | Place    | Note
-------+----------+-------------------------------------------
     0 | D:1      | mopl the Gnoll Monk began the quest for the Orb.
     0 | D:1      | Reached XP level 1. HP: 23/23 MP: 1/1
   357 | D:1      | Reached XP level 2. HP: 29/29 MP: 2/2
   391 | D:1      | Found Ybunk's Magic Scroll Shop.
   634 | D:1      | Found a faded altar of an unknown god.
   654 | D:1      | Prayed at the altar of an unknown god.
   654 | D:1      | Became a worshipper of Dithmenos the Shadowed
   654 | D:1      | Reached * piety under Dithmenos
   654 | D:1      | Reached ** piety under Dithmenos
  1016 | D:2      | Reached XP level 3. HP: 35/35 MP: 3/3
  1025 | D:2      | Reached *** piety under Dithmenos
  1047 | D:2      | Found a hazy altar of Hepliaklqana.
  1057 | D:2      | Reached skill level 1 in Invocations
  1076 | D:2      | Found Tymotit's Weapon Shoppe.
  1332 | D:2      | Found a runed translucent door.
  1333 | D:2      | Noticed Crazy Yiuf
  1841 | D:2      | Reached skill level 1 in Short Blades
  1841 | D:2      | Reached skill level 1 in Long Blades
  1841 | D:2      | Reached skill level 1 in Axes
  1841 | D:2      | Reached skill level 1 in Polearms
  1841 | D:2      | Reached skill level 1 in Staves
  1841 | D:2      | Reached skill level 1 in Slings
  1841 | D:2      | Reached skill level 1 in Bows
  1841 | D:2      | Reached skill level 1 in Crossbows
  1841 | D:2      | Reached skill level 1 in Throwing
  1841 | D:2      | Reached skill level 1 in Armour
  1841 | D:2      | Reached skill level 1 in Shields
  1841 | D:2      | Reached skill level 1 in Unarmed Combat
  1841 | D:2      | Reached skill level 1 in Spellcasting
  1841 | D:2      | Reached skill level 1 in Evocations
  2351 | D:3      | Reached XP level 4. HP: 36/41 MP: 5/5
  2465 | D:3      | Reached skill level 1 in Conjurations
  2465 | D:3      | Reached skill level 1 in Hexes
  2465 | D:3      | Reached skill level 1 in Summonings
  2465 | D:3      | Reached skill level 1 in Necromancy
  2465 | D:3      | Reached skill level 1 in Translocations
  2465 | D:3      | Reached skill level 1 in Transmutations
  2465 | D:3      | Reached skill level 1 in Fire Magic
  2465 | D:3      | Reached skill level 1 in Ice Magic
  2465 | D:3      | Reached skill level 1 in Air Magic
  2465 | D:3      | Reached skill level 1 in Earth Magic
  2465 | D:3      | Reached skill level 1 in Poison Magic
  2885 | D:3      | Noticed Natasha
  2893 | D:3      | Killed Natasha
  2894 | D:3      | Reached XP level 5. HP: 25/47 MP: 5/7
  3613 | D:3      | Noticed Natasha
  3622 | D:3      | Killed Natasha
  3824 | D:3      | Noticed Natasha
  3835 | D:3      | Killed Natasha
  4125 | D:4      | Noticed a black bear
  4135 | D:4      | Killed a black bear
  4136 | D:4      | Reached skill level 2 in Short Blades
  4136 | D:4      | Reached skill level 2 in Long Blades
  4136 | D:4      | Reached skill level 2 in Axes
  4136 | D:4      | Reached skill level 2 in Polearms
  4136 | D:4      | Reached skill level 2 in Staves
  4136 | D:4      | Reached skill level 2 in Slings
  4136 | D:4      | Reached skill level 2 in Bows
  4136 | D:4      | Reached skill level 2 in Crossbows
  4136 | D:4      | Reached skill level 2 in Throwing
  4136 | D:4      | Reached skill level 2 in Armour
  4136 | D:4      | Reached skill level 2 in Shields
  4136 | D:4      | Reached skill level 2 in Unarmed Combat
  4136 | D:4      | Reached skill level 2 in Spellcasting
  4136 | D:4      | Reached skill level 2 in Invocations
  4136 | D:4      | Reached skill level 2 in Evocations
  4136 | D:4      | Reached XP level 6. HP: 8/53 MP: 7/9
  4507 | D:4      | Found Iracurr's Jewellery Shop.
  4554 | D:4      | Noticed a yak
  4555 | D:4      | Noticed a yak
  4555 | D:4      | Noticed a yak
  4625 | D:3      | Killed a yak
  4626 | D:3      | Reached XP level 7. HP: 46/59 MP: 10/10
  4655 | D:2      | Reached **** piety under Dithmenos
  4693 | D:1      | Bought a scroll of identify for 20 gold pieces
  4693 | D:1      | Bought a scroll of identify for 20 gold pieces
  4693 | D:1      | Bought a scroll of identify for 20 gold pieces
  4693 | D:1      | Bought a scroll of teleportation for 30 gold pieces
  4693 | D:1      | Bought a scroll of vulnerability for 75 gold pieces
  4919 | D:4      | Reached skill level 7 in Fighting
  4919 | D:4      | Reached skill level 7 in Maces & Flails
  4919 | D:4      | Reached skill level 7 in Dodging
  4963 | D:4      | Noticed Blork the orc
  5032 | D:4      | Killed Blork the orc
  5033 | D:4      | Reached skill level 2 in Conjurations
  5033 | D:4      | Reached skill level 2 in Hexes
  5033 | D:4      | Reached skill level 2 in Summonings
  5033 | D:4      | Reached skill level 2 in Necromancy
  5033 | D:4      | Reached skill level 2 in Translocations
  5033 | D:4      | Reached skill level 2 in Transmutations
  5033 | D:4      | Reached skill level 2 in Fire Magic
  5033 | D:4      | Reached skill level 2 in Ice Magic
  5033 | D:4      | Reached skill level 2 in Air Magic
  5033 | D:4      | Reached skill level 2 in Earth Magic
  5033 | D:4      | Reached skill level 2 in Poison Magic
  5521 | D:4      | Reached skill level 5 in Stealth
  5546 | D:4      | Found a staircase to the Ecumenical Temple.
  5615 | D:4      | Reached skill level 3 in Invocations
  5773 | D:4      | Noticed a yak
  5784 | D:4      | Noticed a yak
  5797 | D:3      | Killed a yak
  5798 | D:3      | Reached XP level 8. HP: 40/67 MP: 12/12
  5946 | D:4      | Killed a yak
  5947 | D:4      | Reached skill level 3 in Short Blades
  5947 | D:4      | Reached skill level 3 in Long Blades
  5947 | D:4      | Reached skill level 3 in Axes
  5947 | D:4      | Reached skill level 3 in Polearms
  5947 | D:4      | Reached skill level 3 in Staves
  5947 | D:4      | Reached skill level 3 in Slings
  5947 | D:4      | Reached skill level 3 in Bows
  5947 | D:4      | Reached skill level 3 in Crossbows
  5947 | D:4      | Reached skill level 3 in Throwing
  5947 | D:4      | Reached skill level 3 in Armour
  5947 | D:4      | Reached skill level 3 in Shields
  5947 | D:4      | Reached skill level 3 in Unarmed Combat
  5947 | D:4      | Reached skill level 3 in Spellcasting
  5947 | D:4      | Reached skill level 3 in Evocations
  6286 | D:5      | Entered Level 5 of the Dungeon
  6497 | D:4      | Killed a yak
  7001 | D:5      | Reached skill level 4 in Invocations
  7021 | D:5      | Reached skill level 3 in Conjurations
  7021 | D:5      | Reached skill level 3 in Hexes
  7021 | D:5      | Reached skill level 3 in Summonings
  7021 | D:5      | Reached skill level 3 in Necromancy
  7021 | D:5      | Reached skill level 3 in Translocations
  7021 | D:5      | Reached skill level 3 in Transmutations
  7021 | D:5      | Reached skill level 3 in Fire Magic
  7021 | D:5      | Reached skill level 3 in Ice Magic
  7021 | D:5      | Reached skill level 3 in Air Magic
  7021 | D:5      | Reached skill level 3 in Earth Magic
  7021 | D:5      | Reached skill level 3 in Poison Magic
  7394 | D:5      | Reached XP level 9. HP: 51/72 MP: 14/14
  7461 | D:5      | Noticed Prince Ribbit
  7483 | D:5      | HP: 3/73 [Prince Ribbit (13)]
  7487 | D:5      | Killed Prince Ribbit
  7488 | D:5      | Reached skill level 4 in Short Blades
  7488 | D:5      | Reached skill level 4 in Long Blades
  7488 | D:5      | Reached skill level 4 in Axes
  7488 | D:5      | Reached skill level 4 in Polearms
  7488 | D:5      | Reached skill level 4 in Staves
  7488 | D:5      | Reached skill level 4 in Slings
  7488 | D:5      | Reached skill level 4 in Bows
  7488 | D:5      | Reached skill level 4 in Crossbows
  7488 | D:5      | Reached skill level 4 in Throwing
  7488 | D:5      | Reached skill level 4 in Armour
  7488 | D:5      | Reached skill level 4 in Shields
  7488 | D:5      | Reached skill level 4 in Unarmed Combat
  7488 | D:5      | Reached skill level 4 in Spellcasting
  7488 | D:5      | Reached skill level 4 in Evocations
  8142 | D:6      | Identified the ring of Vailaf {rC++ Str+4 Int+4 SInv}
  8467 | D:6      | Reached skill level 6 in Stealth
  8746 | D:6      | Reached skill level 8 in Fighting
  8746 | D:6      | Reached skill level 8 in Maces & Flails
  8746 | D:6      | Reached skill level 8 in Dodging
  9026 | D:6      | You fall into a shaft and drop 1 floor!
  9030 | D:7      | Noticed Maggie
  9052 | D:7      | Killed from afar by Maggie

Illustrated notes

Levels and vault maps discovered:
D:1:      dpeg_arrival_circle_labyrinth_c, layout_basic, serial_shops,
          nicolae_shop_stone, hellmonk_ecumenical_altar_zigzags, st_stairs_8,
          hangedman_decor_clover_reticule, hangedman_decor_slide_cut
D:2:      layout_loops_cross, basic_altar, serial_shops, nicolae_shop_trees,
          uniq_crazy_yiuf_cottage
D:3:      layout_basic, roderic_lattice_a, uniq_natasha
D:4:      layout_basic, minmay_temple_entry_hall, serial_shops, shop,
          kennysheep_small_circle, uniq_blork_the_orc
D:5:      layout_basic, uniq_prince_ribbit1
D:6:      layout_cave_pools, amcnicky_mini_pool_medium
D:7:      layout_gridville, enter_bailey_5, uniq_maggie

Skill      XL: |  1  2  3  4  5  6  7  8  9 |
---------------+----------------------------+-----
Invocations    | 1 2 3 4 |  4.8
Short Blades   | 1 2 3 4 |  4.4
Long Blades    | 1 2 3 4 |  4.4
Axes           | 1 2 3 4 |  4.4
Polearms       | 1 2 3 4 |  4.4
Staves         | 1 2 3 4 |  4.4
Slings         | 1 2 3 4 |  4.4
Bows           | 1 2 3 4 |  4.4
Crossbows      | 1 2 3 4 |  4.4
Throwing       | 1 2 3 4 |  4.4
Armour         | 1 2 3 4 |  4.4
Shields        | 1 2 3 4 |  4.4
Unarmed Combat | 1 2 3 4 |  4.4
Spellcasting   | 1 2 3 4 |  4.4
Evocations     | 1 2 3 4 |  4.4
Conjurations   | 1 2 3 |  3.6
Hexes          | 1 2 3 |  3.6
Summonings     | 1 2 3 |  3.6
Necromancy     | 1 2 3 |  3.6
Translocations | 1 2 3 |  3.6
Transmutations | 1 2 3 |  3.6
Fire Magic     | 1 2 3 |  3.6
Ice Magic      | 1 2 3 |  3.6
Air Magic      | 1 2 3 |  3.6
Earth Magic    | 1 2 3 |  3.6
Poison Magic   | 1 2 3 |  3.6
Fighting       | 7 8 |  8.0
Maces & Flails | 7 8 |  8.0
Dodging        | 7 8 |  8.0
Stealth        | 5 6 |  6.1

Action                   |  1- 3 |  4- 6 |  7- 9 || total
-------------------------+-------+-------+-------++-------
Melee: Mace              |    99 |       |       ||    99
       Bite              |     5 |    20 |    72 ||    97
       Dagger            |     8 |   115 |   415 ||   538
       Punch             |     2 |     1 |       ||     3
       Spear             |       |       |    86 ||    86
Evoke: Wand              |       |       |     1 ||     1
  Use: Scroll            |       |       |     9 ||     9
       Potion            |       |       |     1 ||     1
 Stab: Sleeping          |     7 |       |       ||     7
Armor: Robe              |     4 |       |       ||     4
       Chain mail        |    48 |    60 |   152 ||   260
Dodge: Dodged            |    80 |    56 |   128 ||   264
Block: Kite shield       |       |     1 |   195 ||   196

Table legend: (Time is in decaauts)
 A = Elapsed time spent in this place.
 B = Non-inter-level travel time spent in this place.
 C = Inter-level travel time spent in this place.
 D = Time resting spent in this place.
 E = Time spent auto-exploring this place.
 F = Levels seen in this place.
 G = Mean time per level.
                   A        B        C        D        E       F      G
               +--------+--------+--------+--------+--------+-----+--------+
         Total |   9082 |   8215 |    867 |   3180 |   3463 |   7 | 1297.4 |
       Dungeon |   9082 |   8215 |    867 |   3180 |   3463 |   7 | 1297.4 |
               +--------+--------+--------+--------+--------+-----+--------+

Top non-repeatable levels by time:
     D:3: 2329 daAuts
     D:4: 2061 daAuts
     D:2: 1581 daAuts
     D:5: 1309 daAuts
     D:1: 1044 daAuts
     D:6: 729 daAuts
     D:7: 26 daAuts
